[Event "1st Semana Santa Torrevieja 2022"]
[Site "Torrevieja Alicante"]
[Date "2022.04.16"]
[Round "7.2"]
[White "Yuffa, Daniil"]
[Black "Dardha, Daniel"]
[Result "1/2-1/2"]
[ECO "E00"]
[WhiteElo "2576"]
[BlackElo "2541"]
[Annotator "TA"]
[PlyCount "63"]
[EventDate "2022.04.12"]
[EventType "swiss"]
[EventCountry "ESP"]
[SourceTitle "playchess.com"]
[Source "ChessBase"]
[SourceQuality "1"]
[TimeControl "5400+30"]

1. d4 Nf6 2. c4 e6 3. g3 Bb4+ 4. Nd2 c5 5. a3 Bxd2+ 6. Qxd2 cxd4 7. Nf3 d5 {[%emt 0:00:24] E00: Catalan Bogo-Indian (3 g3 Bb4+).} 8. cxd5 {[%emt 0:01:19] 8.Bg2 might become the main line.} e5 9. Qg5 {[%emt 0:07:10] [#]} Nbd7 $146 ({Predecessor:} 9... O-O 10. Qxe5 d3 11. e3 Bg4 12. Bg2 Re8 13. Qd4 Bxf3 14. Bxf3 Nc6 15. Qxd3 Ne5 16. Qe2 Nxf3+ 17. Qxf3 Ne4 18. O-O Qxd5 {½-½ (18) Chekletsov,I (2373)-Turov,M (2584) Hofheim 2019}) 10. Qxg7 Rg8 11. Qh6 Rg6 $1 12. Qd2 Nc5 $1 {[%emt 0:01:25] aiming for ...Nb3.} 13. Qc2 {[%emt 0:17:59] Prevents Nb3.} (13. Nxe5 Qxd5 14. Nxg6 Qxh1 $17) ({Better is} 13. Qd1 $1 $14) 13... Qxd5 $11 {[%emt 0:00:15] Threatens to win with ...Nb3.} 14. b4 Nb3 {[%emt 0:07:50] Pair of Knights!} 15. Rb1 {[%emt 0:00:08] [#]} Be6 $1 {[%emt 0:00:44] ...Rc8 is the strong threat.} ({But not} 15... Nxc1 $6 16. Rxc1 Ne4 17. Bg2 $11) 16. Bg2 (16. Qxb3 $17 {keeps fighting.} Qxb3 17. Rxb3 Bxb3 18. Nxe5) 16... Rc8 $19 17. Qd1 {[%emt 0:07:29] [#]} e4 $2 ({Don't play} 17... Nxc1 18. Rxc1 Rxc1 19. Qxc1 $14) (17... Bf5 $1 $17 18. Rxb3 Bc2) 18. Nh4 Rg8 $132 {[%emt 0:06:47][%mdl 2048] Black is not keeping still} 19. O-O Nxc1 20. Rxc1 Ke7 21. Qd2 Rgd8 22. Rxc8 (22. Qf4 {seems wilder.} a6 23. Rfe1 Rxc1 24. Rxc1 Rc8 25. Rxc8 Bxc8 26. h3) 22... Rxc8 ({Don't take} 22... Bxc8 23. Rc1 Qe5 24. Rc5 $16) 23. Rd1 Qe5 24. f3 exf3 (24... e3 $11 25. Qe1 Rc2) 25. Nxf3 $14 Qe3+ 26. Qxe3 dxe3 27. Nd4 {[%emt 0:00:37] Against Rc2} Rc3 28. Bxb7 Rxa3 29. Kg2 Ra2 30. Rd3 Bd5+ 31. Bxd5 Nxd5 32. Nf5+ {[%emt 0:07:22] Weighted Error Value: White=0.16 (very precise) /Black=0.22 (precise)} 1/2-1/2

[Event "1st Semana Santa Torrevieja 2022"]
[Site "Torrevieja Alicante"]
[Date "2022.04.16"]
[Round "7.3"]
[White "Iturrizaga Bonelli, Eduardo"]
[Black "Sabuk, Piotr"]
[Result "1-0"]
[ECO "A20"]
[WhiteElo "2595"]
[BlackElo "2411"]
[Annotator "TA"]
[PlyCount "109"]
[EventDate "2022.04.12"]
[EventType "swiss"]
[EventCountry "ESP"]
[SourceTitle "playchess.com"]
[Source "ChessBase"]
[SourceQuality "1"]
[TimeControl "5400+30"]

1. c4 e5 2. g3 c6 3. d4 e4 4. d5 Bb4+ 5. Bd2 Qe7 6. e3 {[%emt 0:01:02] A20: English Opening: 1...e5.} Nf6 7. Bxb4 Qxb4+ 8. Qd2 {[%emt 0:00:01] The position is equal.} Na6 {[%emt 0:06:11][%cal Bb8a6,Ba6c5,Bc5e6][%mdl 32] [#]} 9. Nc3 $146 ({Predecessor:} 9. a3 Qxd2+ 10. Nxd2 Nc5 11. b4 Na4 12. Bg2 cxd5 13. cxd5 a5 14. bxa5 Rxa5 15. Nxe4 Nxe4 16. Bxe4 {½-½ (26) Rodshtein,M (2628)-Predojevic,B (2603) Chess.com INT 2020}) 9... O-O 10. d6 Rb8 11. a3 Qb3 12. Na2 Nc5 13. Nc1 $1 {[%emt 0:01:22] Prevents Nd3+.} Qb6 14. b4 Ne6 15. Be2 a5 (15... Ne8 $11) 16. Nb3 axb4 17. axb4 c5 18. Nxc5 Nxc5 19. bxc5 Qxc5 20. Nh3 b6 {[%emt 0:05:12] Inhibits Ra5.} 21. O-O Bb7 22. Rfb1 {[%emt 0:03:35] Strongly threatening Rb5.} Bc6 {[%emt 0:04:19] Inhibits Rb5.} 23. Qd4 Rfc8 24. Nf4 Ne8 25. Rd1 Qxd4 26. Rxd4 g6 27. Rb1 Kg7 28. g4 h6 (28... Kf6 {with more complications.} 29. Kg2 Ng7 30. Rd2 Ne6) 29. h4 Nf6 30. Kg2 Re8 31. Kg3 Re5 32. Rd2 Ne8 33. Bf1 Kf6 34. Ne2 Ba8 35. Nc3 (35. Rdd1 {feels hotter.} Ra5 36. Rb4 Ke5 37. Nd4) 35... Bc6 36. Ne2 Ba8 37. Rb4 (37. Rbb2 {seems wilder.} Ra5 38. Rb4 Ke5 39. Nd4) 37... Rc5 38. Nd4 (38. Bg2 {keeps more tension.} Ke5 39. Nc3 b5 40. Bf1) 38... Rcc8 39. Nb5 Bc6 $2 {[%emt 0:01:06] [#] Loses the game.} (39... Rc5 $14) 40. Na7 $18 Rd8 41. c5 ({Much less strong is} 41. Nxc6 dxc6 42. d7 Nc7) 41... Ke5 42. cxb6 Nxd6 43. Rbd4 Nb7 44. Bc4 Na5 $2 (44... Kf6 45. Ba2 Kg7) 45. Nxc6+ {[%emt 0:00:38] White is clearly winning.} Nxc6 46. Rd6 {[%emt 0:00:05][%csl Gc4,Gd6][%cal Rd2d5] [#]} Nb4 {[%emt 0:01:19] Against R2d5+} 47. Bxf7 {[%emt 0:01:46] g5 would kill now.} Rf8 48. Bxg6 Nd3 49. Rxd7 Rf3+ 50. Kg2 Rxb6 51. R7xd3 Rxg6 52. Rd5+ Kf6 53. Rd6+ Kg7 54. Rxg6+ Kxg6 55. Rd4 {[%emt 0:00:04] Weighted Error Value: White=0.12 (very precise) /Black=0.19 (very precise)} 1-0

[Event "1st Semana Santa Torrevieja 2022"]
[Site "Torrevieja Alicante"]
[Date "2022.04.16"]
[Round "7.4"]
[White "Chatalbashev, Boris"]
[Black "Fernandez Garcia, Jose Miguel"]
[Result "1-0"]
[ECO "E43"]
[WhiteElo "2515"]
[BlackElo "2348"]
[Annotator "TA"]
[PlyCount "97"]
[EventDate "2022.04.12"]
[EventType "swiss"]
[EventCountry "ESP"]
[SourceTitle "playchess.com"]
[Source "ChessBase"]
[SourceQuality "1"]
[TimeControl "5400+30"]

1. d4 Nf6 2. c4 e6 3. Nc3 Bb4 4. Nf3 b6 5. e3 Ne4 6. Qc2 Bb7 7. Bd3 Bxc3+ 8. bxc3 f5 9. O-O O-O 10. c5 {[%emt 0:00:05] E43: Nimzo-Indian: Rubinstein: 4...b6.} bxc5 11. Rb1 Qc8 12. Ba3 {[%emt 0:00:28] The position is equal.} d6 13. dxc5 Nxc5 14. Bxc5 Bxf3 15. gxf3 dxc5 {[%emt 0:00:05] [#]} 16. Qa4 $146 ({Predecessor:} 16. Qb3 Nc6 17. Qb5 Ne5 18. Be2 f4 19. Qxc5 Rf5 20. Qd4 Qe8 21. exf4 Ng6 22. Kh1 Rxf4 {0-1 (109) Saduakassova,D (2407)-Svane,R (2529) Doha 2015}) 16... Qe8 (16... Nd7 $11) 17. Qxe8 $14 Rxe8 18. Rfd1 a6 {[%emt 0:18:02] Against Bb5} 19. Bc2 {[%emt 0:04:17][%mdl 1024] White has compensation.} Ra7 {[%emt 0:04:19] Prevents Rb7.} 20. Ba4 Rf8 21. f4 (21. Rb2 $16) 21... Kf7 $11 22. Rd2 Ke7 23. Kf1 Rc8 24. Ke2 Rf8 25. h4 $36 {[%emt 0:00:23][%mdl 2048] White fights for an advantage.} Rc8 26. Rg1 Kf7 27. Rgd1 {[%emt 0:03:18] 0x0.00299f40aea5dp-1022s more active pieces. The black rooks are badly placed.} Ke7 28. Rg1 Kf7 29. Rb2 Rg8 (29... c6 $11 {keeps the balance.}) 30. Rgb1 $16 Ra8 31. Rb7 Rc8 32. Kd3 Ke7 33. Kc4 (33. Rg1 {seems wilder.} g6 34. h5 Nd7 35. hxg6 hxg6 36. Rxg6 c4+ 37. Kxc4 Nb6+ 38. Kb3) 33... Nd7 34. Bxd7 Kxd7 35. Kxc5 $14 {[%emt 0:00:15][%mdl 4096] Endgame And now Rg1 would win. KRR-KRR} a5 {[%emt 0:01:10] [#] A mistake that costs the game.} (35... Re8 $1 $14) 36. Rd1+ $1 $18 Ke7 37. a4 Ra6 38. c4 Rb6 39. Rxb6 cxb6+ 40. Kxb6 Rxc4 41. Kxa5 {[%emt 0:00:11] KR-KR} Rc2 42. Rb1 Kf6 $2 (42... Rxf2 43. Kb6 e5 44. fxe5 f4) 43. Kb6 e5 44. fxe5+ Kxe5 45. f3 {[%emt 0:02:27] [#] Threatens to win with a5.} Rc4 $2 (45... f4) 46. a5 {[%emt 0:00:37][%cal Ba4a5,Ba5a6,Ba6a7][%mdl 32] White is clearly winning.} Rxh4 47. Rb5+ Kd6 48. a6 {[%emt 0:00:17] White threatens a7 and mate.} Ra4 49. a7 {[%emt 0:08:37] Weighted Error Value: White=0.29 (precise) /Black=0.26 (precise)} 1-0

[Event "1st Semana Santa Torrevieja 2022"]
[Site "Torrevieja Alicante"]
[Date "2022.04.16"]
[Round "7.5"]
[White "Carbonell Sancho, Marc"]
[Black "Nasuta, Grzegorz"]
[Result "0-1"]
[ECO "C54"]
[WhiteElo "2215"]
[BlackElo "2530"]
[Annotator "TA"]
[PlyCount "74"]
[EventDate "2022.04.12"]
[EventType "swiss"]
[EventCountry "ESP"]
[SourceTitle "playchess.com"]
[Source "ChessBase"]
[SourceQuality "1"]
[TimeControl "5400+30"]

1. e4 e5 2. Nf3 Nc6 3. Bc4 Nf6 4. d3 Bc5 5. c3 a6 6. a4 {[%emt 0:00:06] C54: Giuoco Piano: 4 c3 Nf6, main lines with 5 d4 and 5 d3.} d6 7. h3 h6 8. O-O {[%emt 0:00:32] White has an edge.} Ba7 9. Re1 g5 {[%emt 0:02:39] [#]} 10. b4 $146 ({Predecessor:} 10. Be3 Bxe3 11. Rxe3 g4 12. hxg4 Nxg4 13. Re2 Rg8 14. Nbd2 Qf6 15. Nf1 Qg6 16. g3 {½-½ (37) Ponomariov,R (2664)-Fressinet,L (2655) Chess.com INT 2019}) 10... g4 11. hxg4 Bxg4 12. Be3 Nh5 (12... Bxe3 $11 13. Rxe3 Nh5) 13. Nbd2 (13. Bxa7 $14 Rxa7 14. g3) 13... Qf6 ({Black should play} 13... Bxe3 $11 14. Rxe3 Nf4) 14. b5 Na5 15. Bd5 Rg8 {[%emt 0:08:02] aiming for ...Bh3.} 16. Kf1 (16. d4 $11 {keeps the balance.}) 16... Qg7 (16... Bxe3 $17 17. Rxe3 Nf4) 17. d4 $14 Bb6 18. bxa6 (18. dxe5 $14 Bxe3 19. Rxe3) 18... Rxa6 $11 19. g3 Bd7 20. dxe5 dxe5 21. Rb1 {[%emt 0:00:03] [#]} Nxg3+ $1 22. fxg3 Qxg3 23. Ke2 Bxe3 24. Kxe3 Qf4+ (24... c6 25. Rg1 $1 Qf4+ 26. Kd3 $14) 25. Kd3 Rd6 $1 {[%emt 0:00:01][%mdl 1024] White must now prevent ...c6. Black has compensation.} 26. c4 Rg3 {[%emt 0:02:02] Hoping for ...c6.} 27. Rf1 $2 {[%emt 0:01:01] This costs White the game.} (27. Rg1 $1 $15 Rdg6 28. Qe2) 27... c6 $19 {[%emt 0:02:44][%mdl 64] Pin} 28. c5 $2 (28. Qe2 Bg4 29. Kc3) 28... Rf6 $2 (28... Rxd5+ 29. Kc2 Rxc5+ 30. Kb2 Qe3) 29. Ba2 Bg4 $1 (29... Be6 30. Bxe6 Rxe6 31. Qe2 $18) 30. Kc3 (30. Rc1 $142) 30... Qe3+ (30... Bxf3 $2 31. Rxf3 Rxf3+ 32. Nxf3 Qe3+ 33. Kb4 Rxf3 34. Bxf7+ Rxf7 35. Qd6 $19) 31. Kb4 {[%emt 0:00:23] Qe1 is the strong threat.} Bxf3 32. Nxf3 (32. Rxf3 Rgxf3 33. Nxf3 Rxf3 34. Bxf7+ Rxf7 35. Qd6) 32... Rgxf3 $2 $40 {[%emt 0:00:14][%mdl 128] Black wants a kill.} (32... b6 33. Rc1 Rgxf3 34. Rxf3 Rxf3 35. Qxf3 Qxf3 36. cxb6 Nb7 37. Rxc6 Qxe4+ 38. Rc4 Qe1+ 39. Rc3 Qd2) 33. Rxf3 Rxf3 {[%emt 0:00:03][%csl Gf3][%cal Re3c3,Bf6f3,Bf3c3,Bc3c5][%mdl 32] Dancing on a razor blade.} 34. Qc1 {[%emt 0:00:43] [#] Against Qc3+} (34. Bxf7+ Rxf7 35. Qd6) 34... Qd4+ $1 ({Weaker is} 34... Qxc1 35. Rxc1 Rf2 36. Bb1 $18) 35. Kxa5 Rc3 36. Bxf7+ {[%emt 0:00:31] [#]} Kd8 $1 ({And not} 36... Kxf7 37. Qf1+ Ke8 38. Kb6 $15 (38. Rxb7 {gets mated.} Rxc5+)) 37. Qd1 Rxc5+ {[%emt 0:00:06] Weighted Error Value: White=1.03/Black=0.61} 0-1

[Event "1st Semana Santa Torrevieja 2022"]
[Site "Torrevieja Alicante"]
[Date "2022.04.16"]
[Round "7.6"]
[White "Vasquez Schroeder, Rodrigo"]
[Black "Suarez Uriel, Adrian"]
[Result "1-0"]
[ECO "B67"]
[WhiteElo "2493"]
[BlackElo "2348"]
[Annotator "TA"]
[PlyCount "79"]
[EventDate "2022.04.12"]
[EventType "swiss"]
[EventCountry "ESP"]
[SourceTitle "playchess.com"]
[Source "ChessBase"]
[SourceQuality "1"]
[TimeControl "5400+30"]

1. e4 c5 2. Nf3 d6 3. d4 cxd4 4. Nxd4 Nf6 5. Nc3 Nc6 6. Bg5 e6 7. Qd2 a6 8. O-O-O Bd7 9. f4 b5 10. Bxf6 gxf6 11. Kb1 Qb6 12. Nce2 O-O-O {[%emt 0:00:56] B67: Sicilian: Richter-Rauzer: 7...a6 8 0-0-0 Bd7, lines without 9 f4 Be7.} 13. g3 Kb8 14. Bg2 h5 {[%emt 0:01:20] White is slightly better.} 15. Nxc6+ Bxc6 16. Nd4 {[%emt 0:05:59][%cal Od2a5] Against f5. Threatening Qa5!} Bb7 {[%emt 0:02:36] [#]} 17. Qe2 $146 ({Predecessor:} 17. a3 Be7 18. f5 e5 19. Ne2 Rc8 20. Nc3 Qc7 21. Qe2 Qc4 22. Rd3 h4 23. g4 {0-1 (34) Tsuboi,E (2340)-Galati,M Sao Paulo 1991}) 17... Rc8 18. h4 Rc4 19. c3 Rc5 (19... Rg8 $11 {remains equal.}) 20. Rd3 $16 Be7 21. Rhd1 a5 22. a3 Ba6 (22... Rhc8 $14) 23. Nb3 (23. b4 $1 $16 Rc4 24. Bf3) 23... Rc6 $11 24. Nd4 Rc7 (24... Rc5 $1 $11) 25. Nc2 (25. b4 $1 $16) 25... b4 $1 26. axb4 Bxd3 27. Rxd3 a4 $2 (27... axb4 $11 {and Black has nothing to worry.} 28. Nxb4 Rc4) 28. Na3 Rhc8 (28... Rd7 $142 29. Nc2 Rb7) 29. Ka2 Rg8 30. Qxh5 Qf2 31. Bf3 Rxg3 $2 (31... Rd8 32. Be2 (32. Qxf7 Qf1 $11) 32... Qg2) 32. Qb5+ $18 Ka8 33. Qxa4+ $2 (33. e5+ Rxf3 34. exd6) 33... Kb7 34. Be2 {[%emt 0:04:00] Black must now prevent Rxg3. The board is on fire.} Rg8 35. Qb5+ (35. Rd2 Qb6 $16) 35... Qb6 36. Bh5 Bf8 37. Qe8 {[%emt 0:01:15] &Bianco is more active.} Re7 {[%emt 0:00:39] [#]} (37... Rh8 $16 {was worth a try.}) 38. Qa4 $1 {[%emt 0:00:16] And now Nc4 would win.} Rc7 {[%emt 0:00:21] [#] Inhibits Nc4.} (38... Qa7 $142 39. Qb5+ Qb6) 39. Bf3 ({Weaker is} 39. Nb5 Rc8 40. Na3 (40. Bxf7 $2 Ra8 $19) 40... Rg7 $16) (39. Bxf7 $1 $18 Rxf7 40. Nc4) 39... Bh6 $2 {[%emt 0:00:43][%mdl 8192] [#]} (39... Qa6 $16 40. Qb5+ Qxb5 41. Nxb5 Rd7) 40. Rxd6 $1 {[%emt 0:00:40][%mdl 512] Weighted Error Value: White=0.41/Black=0.45} 1-0

[Event "1st Semana Santa Torrevieja 2022"]
[Site "Torrevieja Alicante"]
[Date "2022.04.16"]
[Round "7.7"]
[White "Vrolijk, Liam"]
[Black "Garrido Diaz, Jose Antonio"]
[Result "1-0"]
[ECO "D31"]
[WhiteElo "2480"]
[BlackElo "2183"]
[Annotator "TA"]
[PlyCount "73"]
[EventDate "2022.04.12"]
[EventType "swiss"]
[EventCountry "ESP"]
[SourceTitle "playchess.com"]
[Source "ChessBase"]
[SourceQuality "1"]
[TimeControl "5400+30"]

1. d4 d5 2. c4 e6 3. Nc3 c6 4. e4 dxe4 5. Nxe4 Bb4+ 6. Bd2 Qxd4 7. Bxb4 Qxe4+ 8. Be2 Na6 9. Bd6 {[%emt 0:00:07] aiming for Nf3.} Qxg2 {[%emt 0:02:11] D31: Queen's Gambit Declined: Semi-Slav without ...Nf6 (+ Marshall Gambit and Noteboom) and Exchange Variation lines without ...Nf6.} 10. Qd2 Nf6 (10... Qxh1 11. O-O-O e5 12. Bxe5 $18) 11. Bf3 Qg6 {[%emt 0:00:19] And now ...Ne4 would win. The position is equal.} 12. O-O-O $40 {[%emt 0:03:06][%mdl 128] White attacks.} e5 $1 {[%emt 0:05:24] Strongly threatening ...Ne4.} (12... Ne4 $2 13. Bxe4 Qf6 14. Nf3 $18) 13. Bxe5 Be6 {[%emt 0:02:49] Hoping for ...Nd7.} 14. Ne2 Qf5 15. Bf4 Qc5 16. Nc3 {[%emt 0:00:25] [#]} O-O $146 {[%emt 0:15:33] Threatens to win with ...Qf5.} ({Predecessor:} 16... Qxc4 17. Be2 Qc5 18. Bd6 Qa5 19. Bxa6 Qxa6 20. Ba3 Nd7 21. Rhe1 O-O-O 22. Be7 Bg4 23. Bxd8 Rxd8 {0-1 (29) Grigoryan,A (2506)-Yudin,S (2562) Moscow 2009}) 17. Bd6 Qxc4 (17... Qf5 $1 $11 {remains equal.} 18. Bxf8 Rxf8) 18. Rhg1 $16 {[%emt 0:02:45][%cal Og1g7] White threatens Rxg7+! and mate.} Bf5 {[%emt 0:29:09] [#]} (18... Ne8 $16) 19. Rxg7+ $3 $18 {[%emt 0:07:38][%mdl 576] Decoy} Kxg7 20. Qg5+ Bg6 21. Be5 $1 Qe6 22. Ne4 $1 h6 23. Bxf6+ Kh7 24. Qh4 {[%emt 0:00:21] &Bianco is much more active.} Qxa2 {[%emt 0:05:22][%cal Oa6c5] ...Nc5! is the strong threat.} 25. Bg5 {[%emt 0:19:54] This bishop pair is nice.} (25. Bc3 $1 $16 {Nf6+ would kill now.} Qa1+ 26. Kc2 Qa4+ 27. Kc1 Qa1+ 28. Kd2 Rfd8+ 29. Ke1 Rxd1+ 30. Bxd1) 25... Qc4+ $2 (25... h5 $1 $11 26. Bxh5 Qc4+ 27. Kd2 Qd5+ 28. Kc1 Qc4+ 29. Kd2 Qd5+ 30. Kc1 Qc4+) 26. Kd2 $1 {[%emt 0:01:19][%mdl 1024] White has strong compensation.} Qb4+ $2 (26... Rfd8+ $16 27. Bxd8 Rxd8+ 28. Qxd8 Bxe4 29. Bxe4+ Qxe4) 27. Ke3 $4 {[%emt 0:00:07][%mdl 8192] Chess con chili.} (27. Ke2 $1 $18 {is the narrow road to win.} Qc4+ 28. Kd2 Qb4+ 29. Ke2 Qc4+ 30. Kd2) 27... h5 ({Better is} 27... Rfe8 $19 28. Qxh6+ Kg8) 28. Be7 $1 $11 Qb3+ (28... Qxb2 29. Bxh5 Qb6+ 30. Kf4 Qc7+ 31. Bd6 $18) 29. Kf4 (29. Rd3 $1 $11 Qe6 30. Rd6) 29... Qb5 $2 {[%emt 0:01:56][%mdl 8192] [#] A mistake that costs the game.} (29... Qxb2 $2 30. Bxh5 Kg7 31. Bf6+ Qxf6+ 32. Qxf6+ Kg8 33. Qe7 $1 $18) (29... Nc7 $17 30. Nf6+ Kh8 31. Bxf8 Ne6+ 32. Kg3 Rxf8) 30. Rd5 $3 $18 cxd5 {[%emt 0:01:28] [#]} 31. Bxh5 $1 dxe4 32. Be2+ Kg8 33. Bxb5 {[%emt 0:00:08] Threatening mate with Bf6.} Nc7 34. Bc4 ({Weaker is} 34. Bxf8 Nxb5 35. Be7 Nc7 $18) 34... Ne8 35. Qh6 {[%emt 0:00:35] White mates.} Ng7 36. Bf6 Nh5+ 37. Kg5 {[%emt 0:00:05] Weighted Error Value: White=0.27 (precise) /Black=0.72} 1-0

[Event "1st Semana Santa Torrevieja 2022"]
[Site "Torrevieja Alicante"]
[Date "2022.04.16"]
[Round "7.8"]
[White "Habans Aguerrea, Javier"]
[Black "Movsziszian, Karen"]
[Result "0-1"]
[ECO "B07"]
[WhiteElo "2340"]
[BlackElo "2441"]
[Annotator "TA"]
[PlyCount "35"]
[EventDate "2022.04.12"]
[EventType "swiss"]
[EventCountry "ESP"]
[SourceTitle "playchess.com"]
[Source "ChessBase"]
[SourceQuality "1"]
[TimeControl "5400+30"]

1. d4 d6 2. e4 Nf6 3. Nc3 Nbd7 4. g4 h6 5. h3 e5 6. Nge2 {[%emt 0:00:30] B07: Pirc Defence: Miscellaneous Systems.} c6 7. Bg2 b5 $1 {[%emt 0:01:42] The main line 7...b5 scores better than 7...Be7.} 8. a3 Be7 9. Be3 Bb7 10. O-O a6 11. Ng3 g6 {[%emt 0:02:17][%mdl 32768] [#]  Weighted Error Value: White=0.06 (flawless) /Black=0.13 (very precise) . Loss on time!?} {Predecessor:} 12. f4 $146 Qc7 13. Qd2 Rh7 14. Qf2 O-O-O 15. a4 b4 16. Nce2 exd4 17. Nxd4 c5 18. Nde2 {1-0 (38) Saiboulatov,D (2390)-Giadrosic,D (1944) Charleroi 2004} 0-1

[Event "1st Semana Santa Torrevieja 2022"]
[Site "Torrevieja Alicante"]
[Date "2022.04.16"]
[Round "7.9"]
[White "Del Rio De Angelis, Salvador G."]
[Black "Moral Garcia, Serafin"]
[Result "0-1"]
[ECO "B50"]
[WhiteElo "2452"]
[BlackElo "2214"]
[Annotator "TA"]
[PlyCount "64"]
[EventDate "2022.04.12"]
[EventType "swiss"]
[EventCountry "ESP"]
[SourceTitle "playchess.com"]
[Source "ChessBase"]
[SourceQuality "1"]
[TimeControl "5400+30"]

1. Nf3 Nf6 2. d3 g6 3. e4 d6 4. Be2 Bg7 5. O-O O-O 6. c3 c5 7. h3 {[%emt 0:00:55] 7.Be3 is the modern continuation.} Nc6 8. Re1 {[%emt 0:01:02] B50: Sicilian: 2...d6, Miscellaneous.} Rb8 9. Bf1 e5 $1 10. a3 {[%emt 0:12:34] The position is equal.} a5 11. a4 {[%emt 0:04:22] [#]} h6 $146 ({Predecessor:} 11... Ne8 12. Na3 h6 13. d4 cxd4 14. cxd4 exd4 15. Bf4 g5 16. Bh2 Be5 17. Rc1 Qf6 {0-1 (40) Almirall Exposito,P (2186)-Muguercia Donner,R (2168) Matanzas 2018}) 12. Na3 d5 13. exd5 Nxd5 14. Qb3 b6 (14... Be6 $5 ) 15. Nd2 Nf4 16. Qc2 f5 (16... Qd5 {looks sharper.} 17. Ndc4 Rd8 18. Ne3 Qe6) 17. Ndc4 Nd5 18. Nb5 Qf6 19. Be2 Be6 20. Bf3 Kh8 21. Bd2 Bg8 22. Re2 Qh4 (22... Nde7 $5 23. Nba3 Qh4 $11) 23. Kh2 $2 {[%emt 0:03:52] [#]} (23. Rae1 $11 {and White has nothing to worry.}) 23... e4 $2 (23... Nf4 $1 $19 {Strongly threatening ...e4.} 24. Kg1 (24. Bxf4 $2 Qxf4+ 25. Kg1 e4 $19) 24... e4 25. Bxf4 Qxf4 26. Bxe4 fxe4 27. Rxe4 Qf5) 24. g3 $15 {[%emt 0:01:23] [#]} exd3 $1 25. Qxd3 Ndb4 $1 26. cxb4 (26. gxh4 $15 Nxd3 27. Bxc6 Bxc4 28. Nd6) 26... Qxc4 $17 27. Qd6 {[%emt 0:00:20] [#] This move loses the game for White.} (27. Qxc4 $17 Bxc4 28. bxc5) 27... Ne5 $1 $36 {[%emt 0:05:47][%mdl 2560] White is under strong pressure.} 28. Rxe5 Rbd8 29. Bf4 $2 (29. Qxg6 Rf6 30. Qe8 Rxe8 31. Rxe8) 29... Rxd6 {[%emt 0:00:56] Black is clearly winning.} 30. Nxd6 Qb3 31. Re3 Qxb2 32. Rae1 g5 {[%emt 0:02:55] Weighted Error Value: White=0.54/Black=0.17 (very precise)} 0-1